 Dungeon Crawl Stone Soup version 0.28-a0-1395-g4f6bc678fa (webtiles) character file.

Game seed: 826943574127728584

8 sanka the Vexing (level 2, 19/19 HPs)
             Began as a Demonspawn Enchanter on Jan 4, 2022.
             Quit the game on level 1 of the Dungeon.
             The game lasted 00:01:22 (1026 turns).

sanka the Vexing (Demonspawn Enchanter)             Turns: 1026, Time: 00:01:22

Health: 19/19      AC:  2    Str:  8    XL:     2   Next: 0%
Magic:  5/5        EV: 12    Int: 16    God:
Gold:   0          SH:  0    Dex: 13    Spells: 5/5 levels left

rFire   . . .      SeeInvis .   a - +1 dagger
rCold   . . .      Faith    .   (no shield)
rNeg    . . .      Spirit   .   b - +0 robe
rPois   .          Reflect  .   (no helmet)
rElec   .          Harm     .   (no cloak)
rCorr   .          Rampage  .   (no gloves)
Will    .....                   (no boots)
Stlth   ++........              (no amulet)
HPRegen 0.06/turn               (no ring)
MPRegen 0.09/turn               (no ring)

@: no status effects
A: demonic guardian 1
a: no special abilities


You were on level 1 of the Dungeon.
You visited 1 branch of the dungeon, and saw 2 of its levels.


Innate Abilities, Weirdness & Mutations

A weak demonic guardian rushes to your aid.


   Skills:
 + Level 1.4 Short Blades
 - Level 1.7 Dodging
 + Level 3.0 Stealth
 - Level 2.0 Spellcasting
 - Level 3.0 Hexes


You had 5 spell levels left.
You didn't know any spells.
Your spell library contained the following spells:

 Spells                   Type           Power      Damage    Failure   Level
 Ensorcelled Hibernation  Hex/Ice        12%        N/A       17%         2
 Confusing Touch          Hex            11%        N/A       19%         3
 Tukima's Dance           Hex            11%        N/A       19%         3
 Summon Small Mammal      Summ           4%         N/A       21%         1
 Dazzling Flash           Conj/Hex       12%        N/A       32%         3
 Summon Guardian Golem    Hex/Summ       6%         N/A       32%         3
 Call Canine Familiar     Summ           1%         N/A       52%         3

Inventory:

Hand Weapons
 a - a +1 dagger (weapon)
Armour
 b - a +0 robe (worn)
Scrolls
 e - a scroll of fear {unknown}
Potions
 c - a potion of invisibility
 d - a potion of lignification {unknown}

Dungeon Overview and Level Annotations

Branches:
Dungeon (2/15)

Altars:

Annotations:
D:1 exclusion: jackal

▒▒.▒▒▒▒▒.▒▒.......▒
............▒▒▒▒▒..
▒▒............▒
▒..▒▒▒▒.▒▒▒▒.▒ ▒..▒
▒.▒ ▒.▒ ▒..▒ ▒.▒ ▒.▒
▒..▒ ▒.▒ ▒.▒ ▒ ▒..▒
..▒▒▒▒.▒▒▒▒.▒ ▒..▒
..........6†.▒
▒.▒▒▒▒▒▒▒!...▒▒▒▒.▒
▒...▒▒▒▒.. .. ▒.8.▒
.....▒.▒▒▒ ▒...▒
...▒▒.▒...
▒▒▒+▒▒▒▒▒▒▒▒.▒.▒▒
▒▒▒▒▒.....'.▒........
▒...▒.....▒........▒
▒.<.'.....▒▒▒.▒▒.▒.▒


There were no monsters in sight!


Message History

No target in view!
You start resting.
HP restored.
A rat comes into view.
You hit the rat.
The rat is heavily wounded.
The rat bites you.
You hit the rat.
You kill the rat!
Your Stealth skill increases to level 3!
You start resting.
HP restored.
A giant cockroach comes into view.
Found a bubbling grey potion.
The giant cockroach bites you but does no damage.
You hit the giant cockroach.
The giant cockroach is moderately wounded.
The giant cockroach bites you. The giant cockroach closely misses you.
You hit the giant cockroach but do no damage.
The giant cockroach closely misses you.
You hit the giant cockroach.
You kill the giant cockroach!
You have reached level 2!
Your demonic ancestry asserts itself...
You feel the presence of a demonic guardian.
Unknown command.
You start resting.
HP restored.
Are you sure you want to abandon this character and quit the game? (Confirm with "yes".)

Action                   || total
-------------------------++-------
Melee: Dagger            ||    52
 Stab: Sleeping          ||     1
Armor: Robe              ||     6
Dodge: Dodged            ||    28

Levels and vault maps discovered:
D:1:      minmay_arrival_stair_chambers, layout_loops_ring
D:2:      layout_loops_ring, shapermc_ecumenical_altar_flowoftime,
          kennysheep_generic_room_7, uniq_crazy_yiuf_cottage

Notes
Turn   | Place    | Note
-------+----------+-------------------------------------------
     0 | D:1      | sanka the Demonspawn Enchanter began the quest for the Orb.
     0 | D:1      | Reached XP level 1. HP: 13/13 MP: 3/3
    25 | D:1      | Reached skill level 1 in Short Blades
   965 | D:1      | Reached skill level 3 in Stealth
   986 | D:1      | Gained mutation: A weak demonic guardian rushes to your
                  | aid. [demonic ancestry]
   986 | D:1      | Reached XP level 2. HP: 16/19 MP: 5/5
  1026 | D:1      | Quit the game

Vanquished Creatures
  An endoplasm (D:1)
  A giant cockroach (D:1)
  A goblin (D:1)
  A hobgoblin (D:1)
  A jackal (D:1)
  A frilled lizard (D:1)
  A rat (D:1)
7 creatures vanquished.

Vanquished Creatures (others)
  2 fungi (D:2)
2 creatures vanquished.

Grand Total: 9 creatures vanquished
